 Dungeon Crawl Stone Soup version 0.31-a0-75-g6fe912e8c5 (webtiles) character file.

Game seed: 959429745361245954

90 Jackthecabe the Caller (level 4, -7/30 HPs)
             Began as a Formicid Summoner on May 20, 2023.
             Was a Follower of Qazlal.
             Killed by divine providence
             ... invoked by an orc priest
              (14 damage)
             ... on level 3 of the Dungeon on May 23, 2023.
             The game lasted 00:07:42 (1979 turns).

Jackthecabe the Caller (Formicid Summoner)          Turns: 1979, Time: 00:07:42

Health: -7/30      AC:  5    Str: 12    XL:     4   Next: 85%
Magic:  7/7        EV: 26    Int: 17    God:    Qazlal [*.....]
Gold:   117        SH:  5    Dex: 14    Spells: 2/8 levels left

rFire   . . .        j - +0 sling (elec)
rCold   . . .        q - +0 buckler
rNeg    . . .        p - +0 leather armour
rPois   .            (helmet unavailable)
rElec   .            (no cloak)
rCorr   .            l - +0 pair of gloves
SInv    +            k - +0 pair of boots
Will    .....        n - amulet of the acrobat
Stlth   ++           (no ring)
HPRegen 0.25/turn    (no ring)
MPRegen 0.10/turn

%: acrobat
@: acrobatic
A: permanent stasis, dig shafts and tunnels, antennae 3, four strong arms
a: Dig, Shaft Self, Renounce Religion


You were on level 3 of the Dungeon.
You worshipped Qazlal.
Qazlal was aware of your devotion.
You visited 1 branch of the dungeon, and saw 3 of its levels.

You collected 129 gold pieces.
You spent 12 gold pieces at shops.


Innate Abilities, Weirdness & Mutations

You cannot be hasted, slowed, berserked, paralysed or teleported.
You can dig through walls and to a lower floor.
You have a pair of large antennae on your head. (SInv)
Your four strong arms can wield two-handed weapons with a shield.


   Skills:
 + Level 0.6 Ranged Weapons
 - Level 2.1 Dodging
 - Level 3.0 Stealth
 - Level 2.5 Spellcasting
 * Level 5.2 Summonings


You had 2 spell levels left.
You knew the following spells:

 Your Spells              Type           Power      Damage    Failure   Level
c - Call Imp              Summ           40%        N/A       6%          2
f - Call Canine Familiar  Summ           20%        N/A       12%         3
z - Summon Small Mammal   Summ           80%        N/A       4%          1

Your spell library contained the following spells:

 Spells                   Type           Power      Damage    Failure   Level
 Apportation              Tloc           4%         N/A       34%         1
 Summon Guardian Golem    Hex/Summ       10%        N/A       38%         3
 Summon Lightning Spire   Summ/Air       10%        N/A       80%         4
 Alistair's Intoxication  Tmut/Pois      0%         N/A       100%        5

Inventory:

Hand Weapons
 d - a +0 club
 e - a +0 spear
 j - a +0 sling of electrocution (weapon)
Missiles
 u - 2 poisoned darts
Armour
 a - a +0 robe
 k - a +0 pair of boots (worn)
 l - a +0 pair of gloves (worn)
 p - a +0 leather armour (worn)
 q - a +0 buckler (worn)
Magical Staves
 t - a staff of cold {!a}
Jewellery
 n - an amulet of the acrobat (around neck)
Wands
 r - a wand of roots (2)
Scrolls
 g - a scroll of identify {unknown}
 h - 3 scrolls of teleportation {unknown}
 i - 2 scrolls of fear {unknown}
 m - a scroll of enchant weapon {unknown}
 o - a scroll of magic mapping {unknown}
Potions
 b - 2 potions of magic
 c - a potion of degeneration {unknown}
 f - 3 potions of haste {unknown}
 s - a potion of might {unknown}
 v - a potion of lignification {unknown}

Dungeon Overview and Level Annotations

Branches:
Dungeon (3/15)

Altars:
Qazlal

Shops:
D:3

* ...........###...###....#
#....
......▒..#o###...#......###..#
.....▒▒▒.#.f.#...#.###......#
..... ..#..o..§.#.#....#...#
....{ ▒.....#§##.#......#...#
.. {▒...#.#.##.#...####...#
▒...#.#....#..........#
▒..##.###..##...<#.#### ▒..
#.. #.@##.####.# ▒.. ###
#.#...# #.# #.#.### #.# #...#
#.# ...... #.# #.#.>## #.# #
...# .##. #. #.


You could see a sleepcap (unaware), an orc priest and an orc.


Message History

Aiming: Fastroot
Press: ? - help, Shift-Dir - straight line The roots erupt in riotous growth!
Roots grab the sleepcap.
The grasping roots constrict the sleepcap.
The sleepcap releases spores at you.
* * * LOW HITPOINT WARNING * * *
Your cerulean imp hits the sleepcap but does no damage.
The grasping roots constrict the sleepcap!
The roots release their grip on the sleepcap.
Fire: j) +0 sling (elec)
Press: ? - help, Shift-Dir - straight line, f - sleepcap
Aim: a sleepcap (almost destroyed, ally target, 98% to hit)
You shoot a sling bullet.
The sling bullet hits the sleepcap but does no damage.
The sleepcap is almost destroyed.
Your cerulean imp hits the sleepcap but does no damage. x2
Your cerulean imp disappears in a puff of smoke!
Your quokka bites the sleepcap but does no damage.
Your quokka bites the sleepcap but does no damage.
The sleepcap closely misses your quokka.
Your rat bites the sleepcap but does no damage.
Your quokka bites the sleepcap but does no damage.
You hear a shout!
You hear a shout!
Your quokka disappears in a puff of smoke!
An orc comes into view. It is wielding a +0 short sword.
The orc priest mumbles some strange prayers to Beogh against you.
Beogh smites you!
You die...

Skill      XL: |  1  2  3  4 |
---------------+-------------+-----
Dodging        | 2 |  2.1
Stealth        | 3 |  3.0
Summonings     | 5 |  5.2
Ranged Weapons | |  0.6
Spellcasting   | |  2.5

Action                     |  1- 3 |  4- 6 || total
---------------------------+-------+-------++-------
  Melee: Spear             |    14 |       ||    14
   Fire: Sling             |    53 |    34 ||    87
   Cast: Summon Small Mamm |    31 |     2 ||    33
         Call Imp          |     1 |     2 ||     3
Ability: Dig               |     1 |       ||     1
  Evoke: Wand              |       |     2 ||     2
   Stab: Sleeping          |     1 |       ||     1
 Armour: Robe              |    13 |       ||    13
         Leather armour    |     1 |    11 ||    12
  Dodge: Dodged            |    28 |    11 ||    39
  Block: Buckler           |       |     4 ||     4

Levels and vault maps discovered:
D:1:      wheals_arrival_linesprint, layout_basic
D:2:      layout_loops_ring, basic_altar, uniq_robin
D:3:      layout_basic, hellmonk_ecumenical_altar_lost_god, serial_shops,
          nicolae_shop_just_a_little_nook, nicolae_half_adder, uniq_natasha,
          uniq_grinder

Notes
Turn   | Place    | Note
-------+----------+-------------------------------------------
     0 | D:1      | Jackthecabe the Formicid Summoner began the quest for the
                  | Orb.
     0 | D:1      | Reached XP level 1. HP: 13/13 MP: 3/3
    12 | D:1      | Upgraded the game from 0.31-a0-43-g46d131a48f to
                  | 0.31-a0-75-g6fe912e8c5
   418 | D:1      | Reached skill level 2 in Dodging
   418 | D:1      | Reached XP level 2. HP: 18/19 MP: 0/5
   675 | D:1      | Reached XP level 3. HP: 24/24 MP: 3/6
   734 | D:1      | Reached skill level 3 in Stealth
   769 | D:1      | Learned a level 2 spell: Call Imp
   773 | D:1      | Learned a level 3 spell: Call Canine Familiar
   981 | D:2      | Found a stormy altar of Qazlal.
   986 | D:2      | Became a worshipper of Qazlal Stormbringer
  1378 | D:2      | Reached XP level 4. HP: 30/30 MP: 7/7
  1378 | D:2      | Noticed Robin
  1407 | D:2      | Killed Robin
  1408 | D:2      | Reached skill level 5 in Summonings
  1878 | D:3      | Found Ustivigi's General Store.
  1884 | D:3      | Bought 2 poisoned darts for 12 gold pieces
  1934 | D:3      | Reached * piety under Qazlal
  1979 | D:3      | Killed from afar by an orc priest

Vanquished Creatures
  Robin (D:2)
  2 adders (D:3)
  A worm (D:2)
  2 dart slugs
  An orc (D:3)
  4 bats
  An endoplasm (D:2)
  8 goblins
  5 hobgoblins
  A jackal (D:3)
  A quokka (D:1)
  A ball python (D:1)
  3 frilled lizards
  3 kobolds
  A rat (D:2)
35 creatures vanquished.

Vanquished Creatures (collateral kills)
  A gnoll (D:1)
  A bat (D:1)
  A giant cockroach (D:3)
  A jackal (D:3)
  2 quokkas (D:1)
  A rat (D:1)
7 creatures vanquished.

Grand Total: 42 creatures vanquished

Table legend: (Time is in decaauts)
 A = Elapsed time spent in this place.
 B = Non-inter-level travel time spent in this place.
 C = Inter-level travel time spent in this place.
 D = Time resting spent in this place.
 E = Time spent auto-exploring this place.
 F = Levels seen in this place.
 G = Mean time per level.
                   A        B        C        D        E       F      G
               +--------+--------+--------+--------+--------+-----+--------+
         Total |   2016 |   1949 |     67 |     40 |   1212 |   3 |  672.0 |
       Dungeon |   2016 |   1949 |     67 |     40 |   1212 |   3 |  672.0 |
               +--------+--------+--------+--------+--------+-----+--------+

Top non-repeatable levels by time:
     D:1: 978 daAuts
     D:2: 803 daAuts
     D:3: 234 daAuts

Table legend:
 A = Non-vault XP
 B = Vault XP
 C = Vault XP percentage of total XP
 D = Non-vault monster count
 E = Vault monster count
 F = Vault count percentage of total count
                 A         B        C        D         E       F
            +---------+---------+-------+---------+---------+-------
      Total |      99 |      30 |  23.3 |      33 |       9 |  21.4
            +---------+---------+-------+---------+---------+-------
        D:1 |      38 |       0 |   0.0 |      14 |       0 |   0.0
        D:2 |      22 |      30 |  57.7 |      10 |       9 |  47.4
        D:3 |      39 |       0 |   0.0 |       9 |       0 |   0.0
            +---------+---------+-------+---------+---------+-------
